 Dungeon Crawl Stone Soup version 0.24-a0-434-gd57e52fea8 (webtiles) character file.

Game seed: 16793796115965866480

150 Azzok the Shield-Bearer (level 5, -2/41 HPs)
             Began as a Formicid Fighter on June 15, 2019.
             Blown up by Ijyb (21 damage)
             ... with a disintegration bolt
             ... on level 5 of the Dungeon.
             The game lasted 00:02:17 (2081 turns).

Azzok the Shield-Bearer (Formicid Fighter)          Turns: 2081, Time: 00:02:17

Health: -2/41      AC:  9    Str: 21    XL:     5   Next: 58%
Magic:  5/5        EV:  6    Int:  8    God:
Gold:   96         SH: 10    Dex: 10    Spells: 4/4 levels left

rFire    . . .     SeeInvis +   g - +0 short sword (venom)
rCold    . . .     Gourm    .   c - +0 shield
rNeg     . . .     Faith    .   m - +0 chain mail
rPois    .         Spirit   .   (helmet unavailable)
rElec    .         Reflect  .   (no cloak)
rCorr    .         Harm     .   (no gloves)
MR       .....                  (no boots)
Stlth    ..........             (no amulet)
HPRegen  0.13/turn              (no ring)
MPRegen  0.09/turn              (no ring)

@: flying
A: permanent stasis, dig shafts and tunnels, four strong arms, antennae 3
a: Dig, Shaft Self


You were on level 5 of the Dungeon.
You were not hungry.

You visited 1 branch of the dungeon, and saw 4 of its levels.

You collected 96 gold pieces.

Inventory:

Hand Weapons
 a - a +0 war axe
 g - a +0 short sword of venom (weapon)
Armour
 c - a +0 shield (worn)
 m - a +0 chain mail (worn)
Scrolls
 e - a scroll of remove curse
 h - 2 scrolls of enchant armour {unknown}
 i - a scroll of magic mapping {unknown}
 j - 2 scrolls of identify {unknown}
 k - a scroll of enchant weapon {unknown}
Potions
 l - a potion of flight
Comestibles
 f - 6 rations


   Skills:
 - Level 3.2 Fighting
 + Level 4.0 Axes
 - Level 3.2 Armour
 + Level 5.5 Shields


You had 4 spell levels left.
You didn't know any spells.
Your spell library was empty.

Dungeon Overview and Level Annotations

Branches:
Dungeon (3/15)

Altars:
Qazlal
The Shining One

Annotations:
D:3 Robin
D:5 Ijyb, Prince Ribbit


Innate Abilities, Weirdness & Mutations

You cannot be hasted, slowed, berserked, paralysed or teleported.
You can dig through walls and to a lower floor.
Your four strong arms can wield two-handed weapons with a shield.
You have a pair of large antennae on your head. (SInv)


Message History

Found a glowing golden altar of the Shining One.
h - 2 scrolls labeled OXAUL CIRUF (gained 1)
Found a stormy altar of Qazlal.
j - 2 scrolls labeled VUPOOR WIRCHAF (gained 1)
A gnoll and Ijyb come into view.
Ijyb shouts!
The gnoll shouts!
Prince Ribbit comes into view.
A gnoll comes into view. It is wielding a +0 club.
The gnoll moves out of view.
It was a potion of flight.
You feel very buoyant.
You fly up into the air.
Ijyb zaps a wand.
You are blasted!
You hit Ijyb but do no damage.
Ijyb is poisoned.
You block Ijyb's attack. The gnoll barely misses you.
Ijyb hits you but does no damage.
You hit Ijyb but do no damage.
Ijyb looks as sick as possible!
You block the gnoll's attack.
Ijyb zaps a wand.
You are blasted!
Ijyb zaps a wand.
You struggle to resist.
Ijyb zaps a wand.
You are blasted!
Ouch! That really hurt!
You die...

▒8···8 ········g
▒▒8▒▒ ▒········
▒▒▒▒▒▒▒▒▒▒▒·▒
▒·········▒F▒
▒▒▒▒▒·····▒g▒ ▒
▒·····▒g▒ ·▒
▒▒······▒▒·▒
▒·········▒
▒▒▒▒▒▒······@··▒
▒··············▒·
▒·······)·········
▒········▒▒▒▒▒▒▒▒·▒
▒········▒ ▒
▒········▒
▒········▒
▒········▒
▒········▒ {


You could see Prince Ribbit, Ijyb and a gnoll.

Vanquished Creatures
  A water moccasin zombie (D:2)
  A hound skeleton (D:5)
  2 adders (D:3)
  An ooze (D:1)
  2 worms (D:2)
  2 dart slugs (D:1)
  2 leopard geckos
  A giant cockroach (D:1)
  6 goblins
  11 hobgoblins
  2 jackals (D:1)
  3 kobolds
  3 bats
  4 frilled lizards
  6 rats
47 creatures vanquished.

Vanquished Creatures (others)
  A giant cockroach (D:2)
1 creature vanquished.

Grand Total: 48 creatures vanquished

Notes
Turn   | Place    | Note
-------+----------+-------------------------------------------
     0 | D:1      | Azzok the Formicid Fighter began the quest for the Orb.
     0 | D:1      | Reached XP level 1. HP: 18/18 MP: 1/1
    71 | D:1      | Reached XP level 2. HP: 19/24 MP: 2/2
    74 | D:1      | Reached skill level 4 in Shields
   255 | D:1      | Reached XP level 3. HP: 29/29 MP: 3/3
   921 | D:2      | Reached XP level 4. HP: 30/35 MP: 4/4
  1008 | D:2      | Reached skill level 5 in Shields
  1008 | D:2      | Reached XP level 5. HP: 12/41 MP: 5/5
  1730 | D:3      | Noticed Robin
  1745 | D:3      | You fall into a shaft and drop 2 floors!
  1745 | D:5      | Entered Level 5 of the Dungeon
  2052 | D:5      | Found a glowing golden altar of the Shining One.
  2057 | D:5      | Found a stormy altar of Qazlal.
  2068 | D:5      | Noticed Ijyb
  2068 | D:5      | Noticed Prince Ribbit
  2081 | D:5      | Blown up by Ijyb

Levels and vault maps discovered:
D:1:      shiori_arrival_maze, layout_loops_ring, minmay_misc_feat_encased
D:2:      layout_loops_ring, first_ration
D:3:      layout_basic, chequers_garden, supply_closet_lemuel, uniq_robin,
          uniq_crazy_yiuf_cottage
D:5:      layout_basic, nicolae_overflow_hidden_temple, uniq_eustachio,
          uniq_prince_ribbit1, uniq_ijyb, uniq_sigmund

Skill      XL: |  1  2  3  4  5 |
---------------+----------------+-----
Shields        | 4 5 |  5.5
Axes           | 3 4 |  4.0
Fighting       | |  3.2
Armour         | |  3.2

Action                   |  1- 3 |  4- 6 || total
-------------------------+-------+-------++-------
Melee: War axe           |    88 |       ||    88
       Short sword       |     5 |    59 ||    64
 Abil: Shaft Self        |       |     1 ||     1
  Use: Potion            |       |     2 ||     2
       Scroll            |       |     1 ||     1
  Eat: Chunk             |       |     4 ||     4
Armor: Scale mail        |    24 |     9 ||    33
       Chain mail        |       |    32 ||    32
Dodge: Dodged            |    28 |    30 ||    58
Block: Shield            |    53 |    45 ||    98

Table legend:
 A = Non-vault XP
 B = Vault XP
 C = Vault XP percentage of total XP
 D = Non-vault monster count
 E = Vault monster count
 F = Vault count percentage of total count
                 A         B        C        D         E       F
            +---------+---------+-------+---------+---------+-------
      Total |     204 |      11 |   5.1 |      42 |       6 |  12.5
            +---------+---------+-------+---------+---------+-------
        D:1 |      52 |       3 |   5.5 |      25 |       2 |   7.4
        D:2 |      99 |       0 |   0.0 |      10 |       0 |   0.0
        D:3 |      32 |       8 |  20.0 |       5 |       4 |  44.4
        D:5 |      21 |       0 |   0.0 |       2 |       0 |   0.0
            +---------+---------+-------+---------+---------+-------
